 Dungeon Crawl Stone Soup version 0.29.0-13-gc9e81de378 (webtiles) character file.

Game seed: 13900398818452709236

13 SnakkuSnakku7 the Shooter (level 2, 0/23 HPs)
             Began as a Djinni Hunter on Sept 10, 2022.
             Constricted to death by a ball python (1 damage)
             ... on level 1 of the Dungeon.
             The game lasted 00:00:26 (256 turns).

SnakkuSnakku7 the Shooter (Djinni Hunter)            Turns: 256, Time: 00:00:26

Health: 0/23       AC:  3    Str: 10    XL:     2   Next: 50%
Gold:   62         EV:  9    Int: 10    God:
                   SH:  0    Dex: 16

rFire   + + .      SeeInvis .   a - +0 shortbow
rCold   x . .      Faith    .   (shield currently unavailable)
rNeg    . . .      Spirit   .   c - +0 leather armour
rPois   ∞          Reflect  .   (no helmet)
rElec   .          Harm     .   (no cloak)
rCorr   .          Rampage  .   (no gloves)
Will    .....                   (boots unavailable)
Stlth   +.........              (no amulet)
HPRegen 0.07/turn               (no ring)
MPRegen 0.00/turn               (no ring)

@: flying, constricted
A: sickness immunity, fire resistance 2, cold vulnerability 1, float, innate
caster, HP casting, extra vitality 1
a: no special abilities


You were on level 1 of the Dungeon.
You visited 1 branch of the dungeon, and saw 1 of its levels.

You collected 62 gold pieces.

Inventory:

Hand Weapons
 a - a +0 shortbow (weapon)
Armour
 c - a +0 leather armour (worn)
Scrolls
 b - a scroll of immolation
 d - a scroll of amnesia {unknown}
Potions
 e - a potion of degeneration {unknown}
 f - 2 potions of flight {unknown}
 g - a potion of invisibility {unknown}
 h - a potion of resistance {unknown}


   Skills:
 - Level 2.0 Fighting
 + Level 3.8 Ranged Weapons
 - Level 2.1 Dodging
 - Level 0.7 Stealth


You had one spell level left.
You didn't know any spells.
Your spell library was empty.

Dungeon Overview and Level Annotations

Branches:
Dungeon (1/15)

Altars:


Innate Abilities, Weirdness & Mutations

You are immune to sickness and miasma.
You are immune to poison.
Your flesh is very heat resistant. (rF++)
You are vulnerable to cold. (rC-)
You float through the air rather than walking.
You learn spells naturally, not from books.
Your magical power is your life essence.
You have superior vitality. (+4 MHP)


Message History

The endoplasm is moderately wounded.
The endoplasm completely misses you. The ball python bites you.
The ball python constricts you. The giant cockroach barely misses you.
The endoplasm freezes you.
You are frozen.
Fire: a) +0 shortbow
Press: ? - help, Q - select action Shift-Dir - straight line, f/p - endoplasm
Aim: an endoplasm (lightly wounded, 86% to hit)
You shoot an arrow.
The arrow hits the endoplasm but does no damage.
The endoplasm is lightly wounded.
The ball python bites you.
* * * LOW HITPOINT WARNING * * *
The ball python constricts you.
* * * LOW HITPOINT WARNING * * *
The giant cockroach barely misses you. The endoplasm closely misses you.
The ball python bites you but does no damage.
The ball python constricts you. The giant cockroach barely misses you.
Unknown command.
Fire: a) +0 shortbow
Press: ? - help, Q - select action Shift-Dir - straight line, f/p - endoplasm
Aim: an endoplasm (lightly wounded, 86% to hit)
You shoot an arrow. The arrow hits the endoplasm!
You kill the endoplasm!
The ball python bites you but does no damage.
The ball python constricts you.
* * * LOW HITPOINT WARNING * * *
The giant cockroach barely misses you.
The ball python bites you but does no damage.
The ball python constricts you.
Unknown command.
Fire: a) +0 shortbow
Press: ? - help, Q - select action Shift-Dir - straight line, f - ball python
Aim: a ball python (severely wounded, constricting you, 58% to hit)
You shoot an arrow.
The arrow barely misses the ball python.
The giant cockroach closely misses you. The ball python bites you.
* * * LOW HITPOINT WARNING * * *
The ball python constricts you.
You die...

..... ####.###.##.#####
...... #####.# #.........
......#+###.....######.#####
...
..........'...........>.....
..
........###....#######.#####
.. #....#####.....## #.# #
.## #.## #........# #.# #
..####.## #.##B###.# #.# #
#.......# #.#.@S.#..# #.# #
#.......# #.#....#..# #.# #
'.......# #.#....#..# #+# #
#.......#####.#....#..#
....####
######."......#....#..+
......... #
#..#.###.######..##........#
# #..#.#
#.........##........#
######..#.#
##........##........#
..........# #........#
#........


You could see a giant cockroach and a ball python.

Vanquished Creatures
  A dart slug (D:1)
  2 endoplasms (D:1)
  2 goblins (D:1)
  A ball python (D:1)
  A bat (D:1)
  5 rats (D:1)
12 creatures vanquished.

Notes
Turn   | Place    | Note
-------+----------+-------------------------------------------
     0 | D:1      | SnakkuSnakku7 the Djinni Hunter began the quest for the
                  | Orb.
     0 | D:1      | Reached XP level 1. HP: 18/18 MP: 0/0
    81 | D:1      | Reached XP level 2. HP: 20/23 MP: 0/0
   256 | D:1      | HP: 1/23 [ball python (1)]
   256 | D:1      | Constricted to death by a ball python

Illustrated notes

Levels and vault maps discovered:
D:1:      dpeg_arrival_ratfight, layout_basic, nrook_mini_vaults,
          chequers_avenue

Action                   || total
-------------------------++-------
 Fire: Shortbow          ||    29
Armor: Leather armour    ||     7
Dodge: Dodged            ||    13
